 Dungeon Crawl Stone Soup version 0.30.1 (webtiles) character file.

Game seed: 10483328697227143965

287 DemonSlayer the Digger (level 6, -1/41 HPs)
             Began as a Demonspawn Earth Elementalist on July 8, 2023.
             Slain by Sigmund
             ... wielding a +0 scythe
              (8 damage)
             ... on level 4 of the Dungeon.
             The game lasted 00:07:02 (3454 turns).

DemonSlayer the Digger (DsEE)                       Turns: 3454, Time: 00:07:02

Health: -1/41      AC:  3    Str:  9    XL:     6   Next: 8%
Magic:  8/11       EV: 12    Int: 16    God:
Gold:   228        SH:  0    Dex: 15    Spells: 2/12 levels left

rFire   . . .        h - +3 short sword (flame)
rCold   . . .        (no shield)
rNeg    . . .        a - +0 robe
rPois   .            d - +0 helmet
rElec   .            (no cloak)
rCorr   +            (no gloves)
SInv    .            (no boots)
Will    .....        (no amulet)
Stlth   ++           e - ring of resist corrosion
HPRegen 0.26/turn    (no ring)
MPRegen 0.12/turn

%: no passive effects
@: no status effects
A: powered by death 1, weakness stinger 1
a: no special abilities


You were on level 4 of the Dungeon.
You visited 1 branch of the dungeon, and saw 4 of its levels.

You collected 228 gold pieces.

Inventory:

Hand Weapons
 f - a +0 dagger
 h - a +3 short sword of flaming (weapon)
Armour
 a - a +0 robe (worn)
 d - a +0 helmet (worn)
Jewellery
 e - a ring of resist corrosion (left hand)
Scrolls
 c - a scroll of vulnerability {unknown}
 g - a scroll of enchant weapon {unknown}
 i - a scroll of amnesia {unknown}
 j - a scroll of fear {unknown}
 k - a scroll of teleportation {unknown}
 l - a scroll of acquirement
 n - a scroll of immolation {unknown}
 o - 3 scrolls of identify
 q - a scroll of butterflies {unknown}
Potions
 b - 2 potions of magic
 m - a potion of brilliance
 p - a potion of lignification {unknown}


   Skills:
 + Level 0.2 Fighting
 + Level 0.4 Short Blades
 + Level 2.2 Dodging
 + Level 2.3 Stealth
 + Level 3.6 Spellcasting
 + Level 0.8 Transmutations
 + Level 4.8 Earth Magic


You had 2 spell levels left.
You knew the following spells:

 Your Spells              Type           Power      Damage    Failure   Level
a - Sandblast             Erth           36%        2d10      2%          1
b - Stone Arrow           Conj/Erth      20%        3d8       19%         3
c - Petrify               Tmut/Erth      12%        N/A       47%         4
d - Passwall              Tmut/Erth      10%        N/A       9%          2

Your spell library contained the following spells:

 Spells                   Type           Power      Damage    Failure   Level
 Summon Small Mammal      Summ           8%         N/A       17%         1
 Portal Projectile        Hex/Tloc       4%         N/A       45%         3
 Tukima's Dance           Hex            2%         N/A       45%         3
 Blade Hands              Tmut           2%         N/A       98%         5


Dungeon Overview and Level Annotations

Branches:
Dungeon (4/15)
 Temple: D:4-7

Altars:
Kikubaaqudgha
Sif Muna
Vehumet

Shops:
D:2 [

Annotations:
D:4 Sigmund


Innate Abilities, Weirdness & Mutations

You regenerate a little health from kills.
You have a small tail.


Message History

Found 5 stones.
There is an open door here.
You see here 5 stones.
Found a dagger.
You see here a +0 dagger.
You now have 228 gold pieces (gained 14).
You see here a +0 dagger.
Sigmund the Dreaded comes into view.
He is wielding a +0 scythe.
You can't see any susceptible monsters within range! (Use Z to cast anyway.)
The blast of sand hits Sigmund.
Sigmund is lightly wounded.
The blast of sand hits Sigmund.
Sigmund is moderately wounded.
Sigmund closely misses you.
You miscast Sandblast.
You are very lightly contaminated with residual magic.
Nothing appears to happen.
The blast of sand hits Sigmund!
Sigmund is severely wounded.
Sigmund points at you and mumbles some strange words.
You are confused.
Sigmund casts a spell at you. The magic dart hits you!
You're too confused to cast spells.
Sigmund gestures at you while chanting. The puff of flame hits you.
You closely miss Sigmund.
Your tail-slap misses Sigmund.
Sigmund is severely wounded.
Sigmund gestures at you while chanting. The magic dart hits you.
You're too confused to move!
Sigmund hits you with a +0 scythe!
You're too confused to move!
Sigmund points at you and mumbles some strange words.
The puff of flame hits you!
* * * LOW HITPOINT WARNING * * *
Your magical contamination has completely faded away.
You're too confused to cast spells.
You feel less confused.
Sigmund hits you from afar with a +0 scythe!
You die...

≈≈≈≈ #)###.... # .##≈≈#
#+ #.... #. ...≈≈ ≈......
#.... #.. ...≈
........###..# .. ...
.........##..##
#.##.##.###.#......#..##.
#......@.............##..
#..# #.......##..#
#.@##.#.....###..#.
#.....#.......##..#
#.#########'#..##.. #.#
#(##..##.
#.#########.###..##
######.........#.# ##..#
#.................# ##..
###############.### ##.
#.# #.


You could see Sigmund.

Vanquished Creatures
  2 iguanas (D:4)
  Jessica (D:3)
  Terence (D:3)
  5 adders
  4 gnolls
  An ufetubus (D:4)
  5 dart slugs
  10 orcs
  5 bats
  5 endoplasms
  4 giant cockroaches
  3 goblins
  6 hobgoblins
  4 jackals (D:4)
  7 quokkas
  3 ball pythons
  3 frilled lizards
  6 kobolds
  2 rats (D:1)
77 creatures vanquished.

Notes
Turn   | Place    | Note
-------+----------+-------------------------------------------
     0 | D:1      | DemonSlayer the Demonspawn Earth Elementalist began the
                  | quest for the Orb.
     0 | D:1      | Reached XP level 1. HP: 13/13 MP: 3/3
   100 | D:1      | Reached skill level 3 in Earth Magic
   169 | D:1      | Gained mutation: You have a small tail. [demonic ancestry]
   169 | D:1      | Reached XP level 2. HP: 18/19 MP: 3/5
   786 | D:1      | Reached XP level 3. HP: 24/24 MP: 6/6
  1067 | D:2      | Found Duoz's Antique Armour Shoppe.
  1244 | D:2      | Reached skill level 4 in Earth Magic
  1706 | D:2      | Reached XP level 4. HP: 30/30 MP: 4/8
  1891 | D:2      | Learned a level 3 spell: Stone Arrow
  1896 | D:2      | Learned a level 4 spell: Petrify
  1896 | D:2      | Identified a scroll of acquirement
  2063 | D:3      | Noticed Jessica
  2066 | D:3      | Killed Jessica
  2067 | D:3      | Reached XP level 5. HP: 35/35 MP: 7/9
  2413 | D:3      | Found a radiant altar of Vehumet.
  2413 | D:3      | Noticed Terence
  2421 | D:3      | Killed Terence
  2470 | D:3      | Found an ancient bone altar of Kikubaaqudgha.
  2471 | D:3      | Found a shimmering blue altar of Sif Muna.
  2476 | D:3      | Got Sif Muna's Precepts of the Familiar
  2529 | D:3      | Learned a level 2 spell: Passwall
  3088 | D:4      | Gained mutation: You regenerate a little health from kills.
                  | [demonic ancestry]
  3088 | D:4      | Reached XP level 6. HP: 41/41 MP: 8/11
  3427 | D:4      | Noticed Sigmund
  3454 | D:4      | Slain by Sigmund

Illustrated notes

Levels and vault maps discovered:
D:1:      giann_wishing_wells, layout_loops_ring, st_stairs_4,
          supply_closet_lemuel
D:2:      layout_basic, serial_shops, nicolae_square_shop
D:3:      layout_rooms, grunt_temple_overflow_magic_moments, uniq_jessica,
          uniq_terence
D:4:      layout_basic, tso_metal_star, nicolae_qazlal_general_emergency,
          minmay_unequal, uniq_sigmund

Skill      XL: |  1  2  3  4  5 |
---------------+----------------+-----
Earth Magic    | 3 4 |  4.8
Dodging        | 2 |  2.2
Spellcasting   | 3 |  3.6
Stealth        | 2 |  2.3
Fighting       | |  0.2
Short Blades   | |  0.4
Transmutations | |  0.8

Action                     |  1- 3 |  4- 6 || total
---------------------------+-------+-------++-------
  Melee: Short sword       |    11 |    33 ||    44
         Tailslap          |     3 |     2 ||     5
         Dagger            |     2 |       ||     2
   Cast: Sandblast         |    39 |    68 ||   107
    Use: Scroll            |       |     4 ||     4
   Stab: Sleeping          |     2 |     6 ||     8
 Armour: Robe              |     3 |     7 ||    10
  Dodge: Dodged            |    23 |    40 ||    63
